 Dungeon Crawl Stone Soup version 0.28-a0-687-gb91baff9cc (webtiles) character file.

Game seed: 10684732347045373366

179 SkeletonJelly the Poker (level 5, -1/38 HPs)
             Began as a Human Wanderer on Oct 19, 2021.
             Was a Believer of Kikubaaqudgha.
             Slain by an orc (3 damage)
             ... on level 3 of the Dungeon.
             The game lasted 00:07:11 (4430 turns).

SkeletonJelly the Poker (Human Wanderer)            Turns: 4430, Time: 00:07:12

Health: -1/38      AC:  3    Str: 12    XL:     5   Next: 90%
Magic:  5/5        EV: 10    Int: 16    God:    Kikubaaqudgha [**....]
Gold:   133        SH:  0    Dex: 10    Spells: 3/4 levels left

rFire   . . .      SeeInvis .   s - +0 trident
rCold   . . .      Faith    .   (no shield)
rNeg    . . .      Spirit   .   l - +0 leather armour
rPois   .          Reflect  .   (no helmet)
rElec   .          Harm     .   (no cloak)
rCorr   .          Rampage  .   (no gloves)
Will    .....                   (no boots)
Stlth   ++........              (no amulet)
HPRegen 0.12/turn               (no ring)
MPRegen 0.09/turn               (no ring)

@: no status effects
A: no striking features
a: Renounce Religion, Receive Corpses


You were on level 3 of the Dungeon.
You worshipped Kikubaaqudgha.
Kikubaaqudgha was pleased with you.
You visited 1 branch of the dungeon, and saw 3 of its levels.

You collected 133 gold pieces.

Inventory:

Hand Weapons
 a - a +2 spear
 e - a +0 dagger
 s - a +0 trident (weapon)
Missiles
 j - 15 poisoned darts (quivered)
Armour
 d - a +0 robe
 k - a +0 chain mail
 l - a +0 leather armour (worn)
Jewellery
 n - a ring of fire
Scrolls
 b - 2 scrolls of teleportation
 f - 2 scrolls of identify {unknown}
 h - 2 scrolls of holy word {unknown}
 i - 3 scrolls of enchant armour {unknown}
 m - a scroll of vulnerability {unknown}
 o - 2 scrolls of fog {unknown}
Potions
 c - 2 potions of curing
 g - 4 potions of brilliance {unknown}
 p - a potion of mutation {unknown}
 q - 2 potions of attraction {unknown}
 r - a potion of flight {unknown}


   Skills:
 - Level 2.3 Fighting
 - Level 1.4(2.8) Axes
 * Level 3.7(3.9) Polearms
 - Level 3.0 Armour
 - Level 3.0 Stealth
 - Level 1.0 Shields
 + Level 2.0 Necromancy


You had 3 spell levels left.
You knew the following spells:

 Your Spells              Type           Power      Damage    Failure   Level
a - Pain                  Necr           24%        1d5       14%         1

Your spell library contained the following spells:

 Spells                   Type           Power      Damage    Failure   Level
 Sublimation of Blood     Necr           3%         N/A       22%         2
 Corpse Rot               Necr/Air       6%         N/A       32%         2
 Vampiric Draining        Necr           3%         2d6       38%         3
 Blink                    Tloc           N/A        N/A       43%         2
 Wereblood                Tmut           0%         N/A       43%         2
 Manifold Assault         Tloc           0%         N/A       100%        5
 Storm Form               Tmut/Air       0%         N/A       100%        7
 Summon Hydra             Summ           0%         N/A       100%        7


Dungeon Overview and Level Annotations

Branches:
Dungeon (3/15)

Altars:
Kikubaaqudgha

Shops:
D:2 ![(??   D:3 ?


Message History

You take 3 damage, and have 35/38 hp.
You hit the orc priest.
The orc priest is heavily wounded.
The orc priest hits you with a +0 whip.
You take 3 damage, and have 32/38 hp.
You closely miss the orc priest.
The orc priest is heavily wounded.
The orc priest hits you with a +0 whip.
You take 1 damage, and have 31/38 hp.
You puncture the orc priest!
You kill the orc priest!
Kikubaaqudgha accepts your kill.
Your Necromancy skill increases to level 2!
No target in view!
No target in view!
No target in view!
No target in view!
No target in view!
HP restored.
You now have 133 gold pieces (gained 9).
Things that are here:
a +0 whip; an orc corpse Health restored: 38
Things that are here:
a +2 falchion of holy wrath; a +0 leather armour Key pressed, stopping explore.
You see here a +0 halberd.
Found a stone staircase leading down.
There is an open door here.
There is an open door here.
An orc and an orc priest come into view.
The orc priest shouts!
The orc shouts!
You hear an angry hiss.
There are monsters nearby!
There are monsters nearby!
Casting: Pain (safe; 14% risk of failure)
Confirm with . or Enter, or press ? or * to list all spells.
Aiming: Pain (safe; 14% risk of failure)
Press: ? - help, Shift-Dir - straight line, f - orc priest
Aim: an orc priest, wielding a +0 trident and wearing a +0 leather armour (chance to affect: 50%)
The orc priest resists with significant effort.
A ball python comes into view.
The orc priest looks satisfied for a moment.
An orc comes into view. It is wielding a +0 dagger.
You take 1 damage, and have 37/38 hp.
You now have 4/5 mp.
Health restored: 38
There is an open door here.
You reach to attack!
You hit the ball python.
The ball python is moderately wounded.
You barely miss the ball python.
The ball python is moderately wounded.
The ball python bites you but does no damage.
The ball python closely misses you.
You closely miss the ball python.
The ball python is moderately wounded.
The ball python bites you but does no damage.
The ball python closely misses you. The ball python completely misses you.
The ball python barely misses you.
You hit the ball python.
You kill the ball python!
Kikubaaqudgha accepts your kill.
You hit the orc.
The orc is almost dead.
The orc hits you but does no damage.
The orc priest hits you from afar with a +0 trident.
You take 5 damage, and have 33/38 hp.
You completely miss the orc.
The orc is almost dead.
The orc hits you with a +0 short sword.
The orc priest calls upon Beogh to heal the orc.
The orc is healed somewhat.
You take 3 damage, and have 30/38 hp.
You hit the orc.
The orc is heavily wounded.
The orc barely misses you. The orc priest closely misses you.
You closely miss the orc.
The orc is heavily wounded.
The orc hits you but does no damage.
The orc priest mumbles some strange prayers to Beogh against you.
Beogh smites you! The orc hits you but does no damage.
You take 13 damage, and have 18/38 hp.
MASSIVE DAMAGE!!
MP restored: 5 You are too injured to fight recklessly!
You closely miss the orc.
The orc is heavily wounded.
The orc priest misses you. The orc barely misses you.
The orc priest hits you from afar with a +0 trident!
* * * LOW HITPOINT WARNING * * *
You take 7 damage, and have 11/38 hp.
You hit the orc but do no damage.
The orc is heavily wounded.
The orc barely misses you.
The orc priest invokes the aid of Beogh against you.
Beogh smites you!
* * * LOW HITPOINT WARNING * * *
You take 9 damage, and have 2/38 hp.
MASSIVE DAMAGE!!
You closely miss the orc.
The orc is heavily wounded.
The orc hits you with a +0 short sword.
You die...
Kikubaaqudgha rasps: "You have failed me!
Welcome... death!"

o.....## ....... o....##
..... ... #.# #. #o# #.#
#o# #.#### ##@## #....##
##...## #.....#
##.....## #.....#
#.......## #....∩#
#.........####....####
.'.........'...........
###.........####)).#####
##.......## #........#
##...>.## #.##.###.#


You could see an orc priest and an orc.

Vanquished Creatures
  An orc priest (D:3)
  3 gnolls (D:3)
  4 adders
  A dart slug (D:2)
  5 orcs
  7 ball pythons
  7 endoplasms
  A giant cockroach (D:2)
  6 goblins
  11 hobgoblins
  7 jackals
  A quokka (D:3)
  7 bats
  2 frilled lizards (D:1)
  7 kobolds
  2 rats
72 creatures vanquished.

Notes
Turn   | Place    | Note
-------+----------+-------------------------------------------
     0 | D:1      | SkeletonJelly the Human Wanderer began the quest for the
                  | Orb.
     0 | D:1      | SkeletonJelly set off with the following items: a +2 spear,
                  | a scroll of teleportation, a potion of curing, a +0 robe, a
                  | +0 dagger
     0 | D:1      | Reached XP level 1. HP: 16/16 MP: 1/1
   427 | D:1      | Reached XP level 2. HP: 10/22 MP: 2/2
   910 | D:1      | Upgraded the game from 0.28-a0-683-ga8797d1ae1 to
                  | 0.28-a0-687-gb91baff9cc
  1527 | D:1      | Reached XP level 3. HP: 20/27 MP: 3/3
  1639 | D:1      | Found a faded altar of an unknown god.
  1724 | D:1      | Prayed at the altar of an unknown god.
  1724 | D:1      | Became a worshipper of Kikubaaqudgha
  1724 | D:1      | Reached * piety under Kikubaaqudgha
  1724 | D:1      | Received a gift from Kikubaaqudgha
  1956 | D:2      | Found Havyuc's Magic Scroll Emporium.
  1977 | D:2      | Found Gepyned's Magic Scroll Boutique.
  2001 | D:2      | Found Moyn's Antique Weapon Emporium.
  2005 | D:2      | Reached XP level 4. HP: 32/33 MP: 4/4
  2085 | D:2      | Found Miad Onaa's Antique Armour Emporium.
  2098 | D:2      | Reached ** piety under Kikubaaqudgha
  2191 | D:2      | Found Jeatwen's Distillery.
  2347 | D:2      | Reached skill level 1 in Necromancy
  3055 | D:3      | Found Xeappyse's Magic Scroll Emporium.
  3068 | D:3      | Reached XP level 5. HP: 28/38 MP: 5/5
  4041 | D:2      | Learned a level 1 spell: Pain
  4430 | D:3      | Slain by an orc

Illustrated notes

Levels and vault maps discovered:
D:1:      lemuel_arrival_lava_pool, layout_loops_corners,
          basic_ecumenical_altar, hangedman_decor_clover_reticule,
          chequers_mini_garden, chequers_serial_rivers_small_3,
          serial_bayou_crossing
D:2:      layout_rooms, serial_shops, nicolae_lakefront_shop,
          nicolae_shop_stone, nicolae_diamond_shop, nicolae_square_shop, shop,
          kennysheep_generic_room_12
D:3:      layout_loops_corners, bloody_makhleb, serial_shops, shop

Skill      XL: |  1  2  3  4  5 |
---------------+----------------+-----
Polearms       | 2 3 |  3.7
Necromancy     | 1 2 |  2.0
Armour         | 3 |  3.0
Fighting       | |  2.3
Axes           | |  1.4
Stealth        | |  3.0
Shields        | |  1.0

Action                   |  1- 3 |  4- 6 || total
-------------------------+-------+-------++-------
Melee: Spear             |   113 |   139 ||   252
       Trident           |       |    17 ||    17
Throw: Dart              |       |    12 ||    12
 Cast: Pain              |       |     1 ||     1
  Use: Potion            |     1 |       ||     1
 Stab: Sleeping          |     7 |     4 ||    11
       Distracted        |       |     1 ||     1
Armor: Robe              |     9 |       ||     9
       Leather armour    |     7 |    35 ||    42
Dodge: Dodged            |    43 |    78 ||   121

Table legend: (Time is in decaauts)
 A = Elapsed time spent in this place.
 B = Non-inter-level travel time spent in this place.
 C = Inter-level travel time spent in this place.
 D = Time resting spent in this place.
 E = Time spent auto-exploring this place.
 F = Levels seen in this place.
 G = Mean time per level.
                   A        B        C        D        E       F      G
               +--------+--------+--------+--------+--------+-----+--------+
         Total |   4447 |   4273 |    174 |      0 |   3630 |   3 | 1482.3 |
       Dungeon |   4447 |   4273 |    174 |      0 |   3630 |   3 | 1482.3 |
               +--------+--------+--------+--------+--------+-----+--------+

Top non-repeatable levels by time:
     D:1: 1849 daAuts
     D:3: 1448 daAuts
     D:2: 1150 daAuts
